 Dungeon Crawl Stone Soup version 0.28-a0-1227-ga9037bb4c8 (webtiles) character file.

Game seed: 1855227700538466961

1283 rogsnak the Conjurer (level 8, -10/54 HPs)
             Began as a Demonspawn Air Elementalist on Dec 22, 2021.
             Was an Initiate of Sif Muna.
             Mangled by a troll (12 damage)
             ... on level 5 of the Dungeon.
             The game lasted 00:12:27 (5779 turns).

rogsnak the Conjurer (Demonspawn Air Elementalist)  Turns: 5779, Time: 00:12:29

Health: -10/54     AC:  3    Str:  9    XL:     8   Next: 29%
Magic:  1/15       EV: 17    Int: 19    God:    Sif Muna [......]
Gold:   132        SH:  0    Dex: 21    Spells: 9/17 levels left

rFire   . . .      SeeInvis .   p - +2 short sword (speed)
rCold   . . .      Faith    .   (no shield)
rNeg    . . .      Spirit   .   a - +0 robe
rPois   .          Reflect  .   (no helmet)
rElec   .          Harm     .   (no cloak)
rCorr   .          Rampage  .   i - +0 pair of gloves
Will    .....                   (no boots)
Stlth   +++.......              (no amulet)
HPRegen 0.18/turn               u - +4 ring of evasion
MPRegen 0.14/turn               q - +6 ring of dexterity

@: no status effects
A: thin skeletal structure 1, demonic guardian 1
a: Renounce Religion


You were on level 5 of the Dungeon.
You worshipped Sif Muna.
Sif Muna was noncommittal.
You visited 2 branches of the dungeon, and saw 6 of its levels.

You collected 132 gold pieces.

Inventory:

Hand Weapons
 b - a +0 dagger
 e - a +0 mace
 p - a +2 short sword of speed (weapon)
 v - a +3 battleaxe
Missiles
 c - 136 stones
Armour
 a - a +0 robe (worn)
 i - a +0 pair of gloves (worn)
Magical Staves
 n - a staff of earth
Jewellery
 k - a ring of willpower
 q - a +6 ring of dexterity (right hand)
 u - a +4 ring of evasion (left hand)
Wands
 m - a wand of paralysis (25)
Scrolls
 d - a scroll of fear {unknown}
 f - a scroll of summoning {unknown}
 g - 2 scrolls of enchant armour {unknown}
 h - a scroll of magic mapping {unknown}
 j - a scroll of noise {unknown}
 l - a scroll of blinking {unknown}
 s - 3 scrolls of teleportation {unknown}
 t - a scroll of identify {unknown}
 w - 2 scrolls of vulnerability {unknown}
Potions
 o - 3 potions of attraction {unknown}
 r - a potion of heal wounds {unknown}


   Skills:
 + Level 1.4 Fighting
 + Level 2.4 Dodging
 - Level 2.0 Stealth
 + Level 5.2 Spellcasting
 * Level 5.9 Conjurations
 + Level 5.5 Air Magic
 + Level 0.1 Evocations


You had 9 spell levels left.
You knew the following spells:

 Your Spells              Type           Power      Damage    Failure   Level
a - Shock                 Conj/Air       100%       1d9       1%          1
b - Swiftness             Air            26%        N/A       3%          3
c - Airstrike             Air            13%        N/A       12%         4

Your spell library contained the following spells:

 Spells                   Type           Power      Damage    Failure   Level
 Static Discharge         Conj/Air       26%        N/A       1%          2
 Ensorcelled Hibernation  Hex/Ice        10%        N/A       19%         2
 Tukima's Dance           Hex            5%         N/A       36%         3


Dungeon Overview and Level Annotations

Branches:
Dungeon (5/15)             Temple (1/1) D:4

Altars:
Ashenzari
Cheibriados
Elyvilon
Fedhas
Gozag
Hepliaklqana
Kikubaaqudgha
Makhleb
Nemelex Xobeh
Okawaru
Qazlal
Ru
Sif Muna
Trog
Uskayaw
Vehumet
Wu Jian
Xom
Yredelemnul
Zin
The Shining One


Innate Abilities, Weirdness & Mutations

You have a somewhat thin skeletal structure. (Dex +2, Stealth+)
A weak demonic guardian rushes to your aid.


Message History

Press: ? - help, Shift-Dir - straight line, f/p - troll
Aim: a troll (severely wounded, 74% to hit)
The zap hits the troll but does no damage.
The troll is severely wounded.
Unknown command.
Unknown command.
You barely miss the troll.
The troll is severely wounded.
An ogre comes into view. It is wielding a +0 giant club.
The troll bites you! The troll barely misses you. The troll closely misses you.
The ogre shouts!
You hit the troll but do no damage.
The troll is severely wounded.
The troll misses you. The troll claws you. The troll completely misses you.
Casting: Shock (safe; 1% risk of failure)
Confirm with . or Enter, or press ? or * to list all spells.
Aiming: Shock (safe; 1% risk of failure)
Press: ? - help, Shift-Dir - straight line, f/p - troll
Aim: a troll (severely wounded, 74% to hit)
The zap hits the troll.
The troll is severely wounded.
The zap hits the ogre.
The ogre is lightly wounded.
The troll misses you. The troll barely misses you. x2
Unknown command.
Unknown command.
You hit the troll but do no damage.
The troll is severely wounded.
Unknown command.
You puncture the troll!
The troll is almost dead.
The troll bites you. The troll claws you. x2
You closely miss the troll.
The troll is almost dead.
The troll bites you!
* * * LOW HITPOINT WARNING * * *
A demonic guardian appears!
The troll claws you.
* * * LOW HITPOINT WARNING * * *
The troll claws you!
You die...

...##.. .....
....... .....
....... ......
....... ......
....... #......
.......###......
.......#....#
.......5@<.#
.....##..T..#
... #..O.## .
........
..###...... ....
##...... ...
#..... ....
........# ..../.
>............#


You could see a troll (ally target), an ogre and a friendly iron imp (summoned).

Vanquished Creatures
  Grinder (D:3)
  Sigmund (D:3)
  An ice beast (D:3)
  2 black bears (D:4)
  2 ogres (D:4)
  A centaur (D:4)
  Blork the orc (D:4)
  A centaur zombie (D:3)
  A hound (D:4)
  2 iguanas
  6 adders
  A worm (D:2)
  2 dart slugs (D:1)
  6 orcs
  5 bats
  9 endoplasms
  5 giant cockroaches
  7 goblins
  5 hobgoblins
  7 kobolds
  2 quokkas
  7 ball pythons
  4 frilled lizards
  7 rats
86 creatures vanquished.

Vanquished Creatures (collateral kills)
  A black bear (D:5)
1 creature vanquished.

Vanquished Creatures (others)
  A hobgoblin (D:4)
  A plant (D:1)
2 creatures vanquished.

Grand Total: 89 creatures vanquished

Notes
Turn   | Place    | Note
-------+----------+-------------------------------------------
     0 | D:1      | rogsnak the Demonspawn Air Elementalist began the quest for
                  | the Orb.
     0 | D:1      | Reached XP level 1. HP: 13/13 MP: 3/3
   363 | D:1      | Gained mutation: You have a somewhat thin skeletal
                  | structure. (Dex +2, Stealth+) [demonic ancestry]
   363 | D:1      | Reached XP level 2. HP: 19/19 MP: 1/5
   978 | D:1      | Reached XP level 3. HP: 25/25 MP: 4/6
  1546 | D:2      | Found a faded altar of an unknown god.
  2165 | D:2      | Reached XP level 4. HP: 31/31 MP: 2/7
  2448 | D:3      | Noticed an ice beast
  2522 | D:3      | Noticed Sigmund
  2581 | D:3      | Learned a level 3 spell: Swiftness
  3161 | D:3      | Killed an ice beast
  3162 | D:3      | Reached XP level 5. HP: 36/36 MP: 1/9
  3293 | D:3      | Killed Sigmund
  3294 | D:3      | Reached XP level 6. HP: 42/42 MP: 9/11
  3581 | D:3      | Noticed Grinder
  3590 | D:3      | Killed Grinder
  3591 | D:3      | Reached skill level 1 in Fighting
  3591 | D:3      | Reached XP level 7. HP: 48/48 MP: 12/12
  4099 | D:4      | Reached skill level 5 in Conjurations
  4203 | D:4      | Found a staircase to the Ecumenical Temple.
  4213 | Temple   | Entered the Ecumenical Temple
  4328 | Temple   | Became a worshipper of Sif Muna the Loreminder
  4377 | Temple   | Learned a level 4 spell: Airstrike
  4974 | D:4      | Reached skill level 5 in Air Magic
  5363 | D:4      | Noticed Blork the orc
  5367 | D:4      | Killed Blork the orc
  5368 | D:4      | Gained mutation: A weak demonic guardian rushes to your
                  | aid. [demonic ancestry]
  5368 | D:4      | Reached XP level 8. HP: 54/54 MP: 5/15
  5607 | D:5      | Entered Level 5 of the Dungeon
  5620 | D:5      | Reached skill level 5 in Spellcasting
  5699 | D:5      | Noticed a troll
  5779 | D:5      | HP: 2/54 [troll (2)]
  5779 | D:5      | Mangled by a troll

Illustrated notes

Levels and vault maps discovered:
D:1:      dpeg_arrival_rooms_with_view, layout_loops_ring, serial_forest,
          infiniplex_forest_lined_corner, infiniplex_forest_lined_room_3,
          infiniplex_forest_clump_small, infiniplex_forest_lined_2,
          infiniplex_forest_lined_1, infiniplex_forest_diagonal
D:2:      layout_basic, shapermc_ecumenical_altar_starsandcircs
D:3:      layout_basic, chequers_serial_rivers_marsh, uniq_sigmund, uniq_grinder
D:4:      layout_gridville, mainiacjoe_overflow_boulevard,
          minmay_temple_entry_large_hall, uniq_blork_the_orc
D:5:      layout_cave_pools
Temple:   mainiacjoe_temple_circle_huts

Skill      XL: |  1  2  3  4  5  6  7  8 |
---------------+-------------------------+-----
Stealth        | 2 |  2.0
Air Magic      | 3 4 5 |  5.5
Conjurations   | 2 3 4 5 |  5.9
Dodging        | 2 |  2.4
Spellcasting   | 3 4 5 |  5.2
Fighting       | 1 |  1.4
Evocations     | |  0.1

Action                   |  1- 3 |  4- 6 |  7- 9 || total
-------------------------+-------+-------+-------++-------
Melee: Dagger            |     5 |       |       ||     5
       Unarmed           |     4 |       |       ||     4
       Mace              |    12 |     5 |       ||    17
       Short sword       |       |    13 |    35 ||    48
 Cast: Shock             |    86 |    42 |    51 ||   179
       Airstrike         |       |       |    11 ||    11
Evoke: Wand              |       |     2 |       ||     2
 Stab: Paralysed         |       |    11 |       ||    11
       Sleeping          |       |       |     1 ||     1
Armor: Robe              |     2 |     6 |     6 ||    14
Dodge: Dodged            |    12 |    12 |    53 ||    77

Table legend: (Time is in decaauts)
 A = Elapsed time spent in this place.
 B = Non-inter-level travel time spent in this place.
 C = Inter-level travel time spent in this place.
 D = Time resting spent in this place.
 E = Time spent auto-exploring this place.
 F = Levels seen in this place.
 G = Mean time per level.
                   A        B        C        D        E       F      G
               +--------+--------+--------+--------+--------+-----+--------+
         Total |   5779 |   5649 |    130 |   1599 |   2935 |   6 |  963.2 |
       Dungeon |   5039 |   4909 |    130 |   1034 |   2935 |   5 | 1007.8 |
        Temple |    740 |    740 |      0 |    565 |      0 |   1 |  740.0 |
               +--------+--------+--------+--------+--------+-----+--------+

Top non-repeatable levels by time:
     D:1: 1369 daAuts
     D:3: 1303 daAuts
     D:4: 1177 daAuts
     D:2: 1056 daAuts
  Temple: 740 daAuts
     D:5: 131 daAuts
